 Dungeon Crawl Stone Soup version 0.29-a0-643-ga013cefcf8 (webtiles) character file.

Game seed: 6624849666078667848

15121 Armakuni the Cruncher (level 12, 106/106 HPs)
             Began as a Meteoran Fighter on June 18, 2022.
             Was an Elder of Elyvilon.
             Quit the game on level 11 of the Dungeon on June 19, 2022.
             The game lasted 00:31:32 (8215 turns).

Armakuni the Cruncher (Meteoran Fighter)            Turns: 8215, Time: 00:31:32

Health: 106/106    AC: 21    Str: 28    XL:     12   Next: 89%
Magic:  20/20      EV: 14    Int: 14    God:    Elyvilon [****..]
Gold:   676        SH:  0    Dex: 20    Spells: 11/11 levels left

rFire   + . .      SeeInvis +   a - +6 quarterstaff "Muoc" {vorpal, Str+5 SInv}
rCold   . . .      Faith    .   (shield currently unavailable)
rNeg    . . .      Spirit   .   F - +3 acid dragon scales
rPois   .          Reflect  .   N - +1 helmet
rElec   +          Harm     .   i - scarf {shadows}
rCorr   +          Rampage  .   l - +4 pair of gloves of the Ten Feeding Things {rElec rF+ Str+4}
Will    +....                   (no boots)
Stlth   +.........              (no amulet)
HPRegen 0.27/turn               D - +6 ring of dexterity
MPRegen 0.17/turn               A - +4 ring of protection

@: glowing, bezotted
A: sense surroundings 2, otherworldly, glowing, explore regen
a: Renounce Religion, Purification, Heal Other, Heal Self


You were on level 11 of the Dungeon.
You worshipped Elyvilon.
Elyvilon was greatly pleased with you.
You visited 3 branches of the dungeon, and saw 15 of its levels.

You collected 770 gold pieces.
You spent 94 gold pieces at shops.

Inventory:

Hand Weapons
 a - the +6 quarterstaff "Muoc" (weapon) {vorpal, Str+5 SInv}
   (You found it on level 5 of the Dungeon)

   It inflicts extra damage upon your enemies.
   Str:       It affects your strength (+5).
   SInv:      It lets you see invisible.
 b - a +4 flail of venom
 I - the +8 broad axe of Afur {vorpal, Str+4}
   (You found it on level 11 of the Dungeon)

   It inflicts extra damage upon your enemies.
   Str:       It affects your strength (+4).
Armour
 c - a +0 buckler
 i - a scarf of shadows (worn)
 l - the +4 pair of gloves of the Ten Feeding Things (worn) {rElec rF+ Str+4}
   (You found it on level 5 of the Dungeon)

   Str:       It affects your strength (+4).
   rF:        It protects you from fire.
   rElec:     It insulates you from electricity.
 y - +0 fire dragon scales
 F - +3 acid dragon scales (worn)
 N - a +1 helmet (worn)
Magical Staves
 f - a staff of fire
 w - a staff of earth
Jewellery
 t - a ring of resist corrosion
 A - a +4 ring of protection (right hand)
 D - a +6 ring of dexterity (left hand)
 M - a ring of magical power
Wands
 e - a wand of paralysis (11)
 o - a wand of digging (4)
 p - a wand of polymorph (8)
 v - a wand of flame (39)
 H - a wand of acid (4)
Scrolls
 g - 4 scrolls of fog
 j - 5 scrolls of teleportation
 k - 3 scrolls of fear
 n - 2 scrolls of poison
 q - 2 scrolls of noise
 r - a scroll of enchant weapon
 u - 2 scrolls of magic mapping
 z - 2 scrolls of vulnerability
 G - a scroll of amnesia
 K - a scroll of enchant armour
 L - 2 scrolls of identify
 O - a scroll of immolation {unknown}
Potions
 d - a potion of might
 h - a potion of mutation
 m - 5 potions of curing
 s - 2 potions of magic
 x - a potion of resistance
 B - a potion of invisibility {unknown}
 C - a potion of berserk rage
 E - a potion of lignification
 J - 2 potions of brilliance {unknown}
 P - a potion of haste {unknown}


   Skills:
 - Level 10.0 Fighting
 - Level 3.7(10.4) Maces & Flails
 - Level 13.8(14.0) Staves
 - Level 5.0 Armour
 - Level 5.0 Dodging
 - Level 4.0 Shields
 + Level 8.7 Fire Magic
 - Level 10.0 Invocations
 + Level 6.5 Evocations


You had 11 spell levels left.
You didn't know any spells.
Your spell library contained the following spells:

 Spells                   Type           Power      Damage    Failure   Level
 Sandblast                Erth           0%         2d4       34%         1
 Shock                    Conj/Air       0%         1d3       34%         1
 Passwall                 Tmut/Erth      0%         N/A       45%         2
 Stone Arrow              Conj/Erth      0%         3d7       71%         3
 Summon Guardian Golem    Hex/Summ       0%         N/A       71%         3
 Swiftness                Air            0%         N/A       71%         3
 Airstrike                Air            0%         N/A       98%         4
 Orb of Destruction       Conj           0%         9d5       100%        7
 Spellforged Servitor     Conj/Summ      0%         N/A       100%        7


Dungeon Overview and Level Annotations

Branches:
Dungeon (13/15) Zot: 87    Temple (1/1) D:4 Zot: 549    Lair (1/6) D:10 Zot: 598
    Orc: D:9-12      Vaults: D:13-14

Altars:
Ashenzari
Cheibriados
Dithmenos
Elyvilon
Fedhas
Gozag
Hepliaklqana
Kikubaaqudgha
Makhleb
Nemelex Xobeh
Okawaru
Qazlal
Ru
Sif Muna
Trog
Uskayaw
Vehumet
Wu Jian
Xom
Yredelemnul
Zin
The Shining One

Shops:
D:5 *

Portals:
Ice
Cave: D:12

Annotations:
D:3 1 runed translucent door, Crazy Yiuf


Innate Abilities, Weirdness & Mutations

You passively map the area around you.
You are easily found by Zot.
You glow in the dark.
You regain HP and MP as you explore.


Message History

There is an open door here.
The acid dragon barely misses you. x2
You barely miss the acid dragon. The acid dragon spits acid at you.
The splash of acid hits you. You resist. The acid corrodes you!
You sock the acid dragon!
The acid dragon is heavily wounded.
The acid dragon bites you but does no damage.
The acid dragon claws you.
You hit the acid dragon.
The acid dragon is severely wounded.
You sock the acid dragon!
You kill the acid dragon!
Found an escape hatch in the floor.
You open the door.
You have lingered too long.
Zot senses you.
Dive deeper or flee this branch before you suffer!
A cyclops comes into view.
The cyclops shouts!
There is an open door here.
You are no longer corroded.
The cyclops misses you.
You sock the cyclops!
The cyclops is moderately wounded.
You sock the cyclops!
The cyclops is severely wounded.
The cyclops hits you but does no damage.
You thump the cyclops!
You kill the cyclops!
You see here 4 large rocks.
Saving game... please wait.
Welcome back, Armakuni the Meteoran Fighter.
Elyvilon says: Go forth and aid the weak!
Welcome back, Armakuni the Meteoran Fighter.
Elyvilon says: Go forth and aid the weak!
Welcome back, Armakuni the Meteoran Fighter.
Elyvilon says: Go forth and aid the weak!
Welcome back, Armakuni the Meteoran Fighter.
Elyvilon says: Go forth and aid the weak!
Press ? for a list of commands and other information.
Are you sure you want to abandon this character and quit the game? (Confirm with "yes".)

, , *#...........#.#
#....... ,
##...........#
..........
#............#
*##.......
........>.....#
#....... ,
..####.#########
#....... , ,,..* #.!.
######.# * ###.###
#.....# ,,, #...#
###'##### * ####@####
#........ *
#.......#####........
,
#...........+........
, ,,*
#.......#####........
, ####.......#
#........ ,
..........# #........
**##...(...#
#....<... , #.......#
#........ * ##.######
#########


There were no monsters in sight!

Vanquished Creatures
  Josephine (D:12)
  A boulder beetle (D:12)
  3 two-headed ogres
  A manticore (D:12)
  An elephant (D:10)
  A cyclops (D:11)
  Joseph (D:8)
  A gargoyle (D:12)
  2 kobold demonologists (D:10)
  A polar bear (D:12)
  A hornet (D:8)
  A wolf spider simulacrum (D:12)
  4 slime creatures (D:12)
  Sigmund (D:3)
  2 shadows
  A water elemental (D:12)
  3 centaur simulacra (D:12)
  6 wraiths
  3 wyverns
  6 yaks
  Eustachio (D:5)
  2 vampire mosquitoes (D:12)
  2 acid dragons
  A meliai simulacrum (D:12)
  2 orc warriors
  4 ice beasts
  5 black bears
  An ogre (D:5)
  3 wolves
  3 centaurs
  4 bullfrogs
  A necrophage (D:7)
  A gnoll sergeant (D:6)
  3 kobold brigands
  2 scorpions
  A killer bee (D:4)
  An electric eel (D:12)
  2 howler monkeys (D:12)
  3 orc priests
  2 gnoll shamans
  7 hounds
  2 jellies
  Jessica (D:2)
  3 iguanas
  6 orc wizards
  A mummy (D:5)
  16 gnolls
  5 adders
  A shadow imp (D:7)
  11 white imps
  3 ufetubi
  3 worms
  A dart slug (D:4)
  21 orcs
  8 endoplasms
  5 giant cockroaches
  7 goblins
  8 hobgoblins
  12 jackals
  24 kobolds
  2 quokkas (D:4)
  6 ball pythons
  5 bats
  2 frilled lizards (D:2)
  A goblin zombie (D:5)
  An orc zombie (D:5)
  9 rats
256 creatures vanquished.

Vanquished Creatures (others)
  Nergalle (D:12)
  A yak (D:12)
  3 white imps (D:12)
  2 plants (D:2)
  5 withered plants (D:2)
12 creatures vanquished.

Grand Total: 268 creatures vanquished

Notes
Turn   | Place    | Note
-------+----------+-------------------------------------------
     0 | D:1      | Armakuni the Meteoran Fighter began the quest for the Orb.
     0 | D:1      | Reached XP level 1. HP: 19/19 MP: 2/2
    77 | D:1      | Reached XP level 2. HP: 20/26 MP: 3/3
   194 | D:1      | Reached XP level 3. HP: 33/33 MP: 4/4
   484 | D:3      | Reached XP level 4. HP: 39/40 MP: 5/5
   492 | D:3      | Reached skill level 1 in Staves
   527 | D:3      | Noticed Sigmund
   556 | D:2      | Noticed Jessica
   574 | D:2      | Killed Jessica
   575 | D:2      | Reached skill level 2 in Staves
   575 | D:2      | Reached XP level 5. HP: 44/47 MP: 6/6
   616 | D:2      | Found a faded altar of an unknown god.
   688 | D:2      | Found an opulent altar of Gozag.
  1474 | D:3      | Killed Sigmund
  1475 | D:3      | Reached skill level 5 in Fighting
  1475 | D:3      | Reached skill level 5 in Staves
  1475 | D:3      | Reached XP level 6. HP: 40/56 MP: 7/7
  1564 | D:3      | Found a runed translucent door.
  1565 | D:3      | Noticed Crazy Yiuf
  1705 | D:3      | Reached XP level 7. HP: 59/61 MP: 8/8
  1766 | D:3      | Found a sacrificial altar of Ru.
  1880 | D:3      | Reached skill level 6 in Staves
  1921 | D:3      | Found a glowing silver altar of Zin.
  1921 | D:3      | Found a glowing golden altar of the Shining One.
  1921 | D:3      | Found a shadowy altar of Dithmenos.
  1940 | D:4      | Found a staircase to the Ecumenical Temple.
  1955 | D:4      | Found an iron altar of Okawaru.
  1960 | Temple   | Entered the Ecumenical Temple
  1980 | Temple   | Became a worshipper of Elyvilon the Healer
  2207 | D:4      | Reached skill level 7 in Staves
  2260 | D:4      | Reached XP level 8. HP: 48/68 MP: 10/10
  2272 | D:4      | Glimpsed the power of Zot.
  2280 | D:5      | Entered Level 5 of the Dungeon
  2329 | D:5      | Reached skill level 8 in Staves
  2335 | D:5      | Identified the +4 pair of gloves of the Ten Feeding Things
                  | {rElec rF+ Str+4}
  2565 | D:3      | Found an ancient bone altar of Kikubaaqudgha.
  2569 | D:3      | Found a radiant altar of Vehumet.
  2577 | D:3      | Found a shimmering blue altar of Sif Muna.
  2852 | D:3      | Reached * piety under Elyvilon
  3271 | D:6      | Reached skill level 9 in Staves
  3355 | D:5      | Identified the +6 quarterstaff "Muoc" {vorpal, Str+5 SInv}
  3399 | D:5      | Found Tyotzoad's Assorted Antiques.
  3399 | D:5      | Noticed Eustachio
  3442 | D:5      | Killed Eustachio
  3445 | D:5      | Reached skill level 10 in Staves
  3482 | D:5      | Reached ** piety under Elyvilon
  3495 | D:5      | Bought a fizzy purple potion for 22 gold pieces
  3495 | D:5      | Bought a glowing green potion for 22 gold pieces
  3495 | D:5      | Bought a scroll labelled QICWE VUASI for 25 gold pieces
  3495 | D:5      | Bought a scroll labelled JUK XI UJE for 25 gold pieces
  3571 | D:5      | Gained mutation: You passively map the area around you.
                  | [Meteoran growth]
  3571 | D:5      | Reached XP level 9. HP: 73/74 MP: 11/11
  3978 | D:5      | Reached skill level 11 in Staves
  4283 | D:6      | Reached skill level 12 in Staves
  4291 | D:6      | Reached *** piety under Elyvilon
  4470 | D:8      | Noticed a hornet
  4474 | D:8      | Killed a hornet
  4475 | D:8      | Reached skill level 13 in Staves
  4475 | D:8      | Noticed Joseph
  4481 | D:8      | Killed Joseph
  4482 | D:8      | Reached XP level 10. HP: 81/81 MP: 12/12
  4527 | D:8      | You fall into a shaft and drop 1 floor!
  4863 | D:7      | Reached **** piety under Elyvilon
  4888 | D:7      | Found an opulent altar of Gozag.
  5039 | D:7      | Noticed a komodo dragon
  5042 | D:7      | Reached skill level 5 in Invocations
  5043 | D:7      | Pacified a komodo dragon
  5233 | D:8      | Found a stormy altar of Qazlal.
  5290 | D:9      | Glimpsed the power of Zot.
  5296 | D:10     | Entered Level 10 of the Dungeon
  5346 | D:10     | Noticed an elephant
  5347 | D:10     | Found a staircase to the Lair.
  5363 | D:9      | HP: 3/81 [acid dragon/splash of acid (18)]
  5384 | D:9      | Reached skill level 10 in Invocations
  5612 | D:8      | Reached XP level 11. HP: 52/89 MP: 19/19
  5691 | D:10     | Noticed a two-headed ogre
  5697 | D:10     | Killed a two-headed ogre
  5749 | D:10     | Killed an elephant
  5760 | Lair:1   | Entered Level 1 of the Lair of Beasts
  5885 | D:11     | Identified the +8 broad axe of Afur {vorpal, Str+4}
  5890 | D:11     | Found a broken altar of Ashenzari.
  6027 | D:12     | Noticed a two-headed ogre
  6034 | D:12     | Killed a two-headed ogre
  6035 | D:12     | Reached skill level 10 in Fighting
  6045 | D:12     | Found a frozen archway.
  6045 | D:12     | Noticed Nergalle
  6055 | D:12     | Pacified Nergalle
  6056 | D:12     | Reached skill level 5 in Armour
  6075 | D:12     | Noticed a manticore
  6084 | D:12     | Killed a manticore
  6119 | D:12     | Killed Nergalle
  6121 | D:12     | Noticed Josephine
  6133 | D:12     | Killed Josephine
  6134 | D:12     | Reached skill level 5 in Dodging
  6142 | D:12     | Reached XP level 12. HP: 64/106 MP: 15/20
  6220 | D:13     | Noticed a centaur warrior
  6221 | D:13     | Noticed a centaur warrior
  6229 | D:13     | Noticed a centaur warrior
  6255 | D:12     | Reached skill level 5 in Fire Magic
  6268 | D:12     | Noticed a boulder beetle
  6285 | D:12     | Killed a boulder beetle
  6492 | D:12     | Reached skill level 5 in Evocations
  7666 | D:9      | Noticed a two-headed ogre
  7674 | D:9      | Killed a two-headed ogre
  7799 | D:9      | Glimpsed the power of Zot.
  7849 | D:9      | Glimpsed the power of Zot.
  7889 | D:9      | Glimpsed the power of Zot.
  7898 | D:9      | Touched by the power of Zot.
  7998 | D:10     | Glimpsed the power of Zot.
  8048 | D:11     | Glimpsed the power of Zot.
  8088 | D:11     | Glimpsed the power of Zot.
  8097 | D:11     | Touched by the power of Zot.
  8200 | D:11     | Glimpsed the power of Zot.
  8215 | D:11     | Upgraded the game from 0.29-a0-620-g13ace881f2 to
                  | 0.29-a0-643-ga013cefcf8
  8215 | D:11     | Quit the game

Illustrated notes

Levels and vault maps discovered:
D:1:      dpeg_arrival_court, layout_basic, minivault_4
D:2:      layout_loops_ring, basic_altar, shapermc_ecumenical_altar_flowoftime,
          uniq_jessica
D:3:      minmay_spotlight, layout_loops_ring,
          grunt_temple_overflow_magic_moments,
          nicolae_ru_great_annihilating_truth,
          gammafunk_temple_overflow_forgotten, minmay_quantized, uniq_sigmund,
          uniq_crazy_yiuf_cottage
D:4:      kb_forest_paths, layout_loops_corners, okawaru_ov_weapons_minmay,
          minmay_temple_entry_overgrown, uniq_edmund
D:5:      layout_gridville, serial_shops, nicolae_shop_crystal,
          nicolae_ossuary_entry_giza, uniq_eustachio
D:6:      layout_basic, corexii_hall_statues_i
D:7:      layout_basic, grunt_gozag_breadcrumbs, minmay_misc_feat_more_columns,
          hex_medium
D:8:      layout_loops_ring, nicolae_qazlal_general_emergency,
          nrook_mini_backslash, chequers_mini_garden, uniq_joseph,
          uniq_prince_ribbit1
D:9:      layout_loops_ring
D:10:     layout_basic, david_lair_generic, roderic_serpentine_path
D:11:     layout_roguey, erik_orc_1, ashenzari_conservatory_becter
D:12:     layout_loops_ring, nicolae_trove_entry_free_sample, serial_ice,
          serial_ice_i, serial_ice_m, serial_ice_h, serial_ice_g, serial_ice_d,
          serial_ice_a, serial_ice_n, portal_ice_cave_entry_imps,
          nicolae_concentric_dashed_squares_mild, kennysheep_cross_room,
          uniq_josephine, uniq_psyche, uniq_nergalle
D:13:     layout_big_octagon, lightli_vaults_fourway_checkpoint,
          gauntlet_entry_generic, serial_demonic, serial_demonic_f,
          serial_demonic_a, serial_demonic_a, serial_demonic_d, minivault_12,
          uniq_maurice, uniq_lodul, uniq_frances
Temple:   minmay_temple_bridge_abc
Lair:1:   layout_cave_pods, beast_lair_carwin_11

Skill      XL: |  1  2  3  4  5  6  7  8  9 10 11 12 |
---------------+-------------------------------------+-----
Maces & Flails | 3 |  3.7
Shields        | 4 |  4.0
Fighting       | 4 5 10 | 10.0
Staves         | 2 5 7 10 13 | 13.8
Invocations    | 2 10 | 10.0
Armour         | 5 |  5.0
Dodging        | 5 |  5.0
Fire Magic     | 2 8 |  8.7
Evocations     | 6 |  6.5

Action                   |  1- 3 |  4- 6 |  7- 9 | 10-12 || total
-------------------------+-------+-------+-------+-------++-------
Melee: Flail             |    98 |   126 |   190 |       ||   414
       Quarterstaff      |       |       |   101 |   369 ||   470
Throw: Throwing net      |       |       |     2 |     1 ||     3
Invok: Purification      |       |       |     1 |     2 ||     3
       Heal Other        |       |       |       |    13 ||    13
       Heal Self         |       |       |       |     4 ||     4
Evoke: Wand              |       |       |     1 |    13 ||    14
  Use: Scroll            |     5 |     4 |     8 |     7 ||    24
       Potion            |       |     2 |     1 |       ||     3
 Stab: Paralysed         |       |       |       |    14 ||    14
       Held in net/web   |       |       |       |     3 ||     3
Armor: Scale mail        |    44 |    51 |   182 |    19 ||   296
       Skin              |       |     5 |       |       ||     5
       Acid dragon scale |       |       |       |   148 ||   148
Dodge: Dodged            |    34 |    47 |   116 |   154 ||   351
Block: Buckler           |    35 |    23 |    53 |       ||   111

Table legend: (Time is in decaauts)
 A = Elapsed time spent in this place.
 B = Non-inter-level travel time spent in this place.
 C = Inter-level travel time spent in this place.
 D = Time resting spent in this place.
 E = Time spent auto-exploring this place.
 F = Levels seen in this place.
 G = Mean time per level.
                   A        B        C        D        E       F      G
               +--------+--------+--------+--------+--------+-----+--------+
         Total |   8165 |   7644 |    521 |     72 |   4284 |  15 |  544.3 |
       Dungeon |   8113 |   7592 |    521 |     72 |   4281 |  13 |  624.1 |
        Temple |     50 |     50 |      0 |      0 |      3 |   1 |   50.0 |
          Lair |      1 |      1 |      0 |      0 |      0 |   1 |    1.0 |
               +--------+--------+--------+--------+--------+-----+--------+

Top non-repeatable levels by time:
    D:10: 1078 daAuts
     D:3: 967 daAuts
     D:1: 906 daAuts
     D:5: 861 daAuts
     D:9: 849 daAuts
     D:4: 805 daAuts
     D:7: 630 daAuts
     D:2: 480 daAuts
    D:12: 461 daAuts
     D:8: 413 daAuts
    D:11: 320 daAuts
     D:6: 314 daAuts
  Temple: 50 daAuts
    D:13: 22 daAuts
  Lair:1: 1 daAuts
